 Dungeon Crawl Stone Soup version 0.29.1-1-gd02db6906a (webtiles) character file.

Game seed: 675743726226767390

132 gelatine the Covered (level 4, -7/41 HPs)
             Began as a Minotaur Fighter on Sept 21, 2022.
             Killed by divine providence
             ... invoked by an orc priest
              (11 damage)
             ... on level 3 of the Dungeon.
             The game lasted 00:04:22 (1992 turns).

gelatine the Covered (Minotaur Fighter)             Turns: 1992, Time: 00:04:24

Health: -7/41      AC: 11    Str: 23    XL:     4   Next: 92%
Magic:  3/3        EV:  9    Int:  5    God:
Gold:   61         SH:  4    Dex:  9    Spells: 3/3 levels left

rFire   . . .      SeeInvis .   a - +0 war axe
rCold   . . .      Faith    .   c - +0 buckler
rNeg    . . .      Spirit   .   b - +0 scale mail
rPois   .          Reflect  .   (helmet restricted)
rElec   .          Harm     .   (no cloak)
rCorr   .          Rampage  .   k - +0 pair of gloves
Will    .....                   p - +2 pair of boots
Stlth   ..........              (no amulet)
HPRegen 0.13/turn               h - ring of wizardry
MPRegen 0.08/turn               (no ring)

@: no status effects
A: horns 2, retaliatory headbutt
a: no special abilities


You were on level 3 of the Dungeon.
You visited 1 branch of the dungeon, and saw 3 of its levels.

You collected 61 gold pieces.

Inventory:

Hand Weapons
 a - a +0 war axe (weapon)
Missiles
 l - 6 poisoned darts
 m - 7 stones (quivered)
 r - 6 boomerangs
 u - a boomerang of dispersal
Armour
 b - a +0 scale mail (worn)
 c - a +0 buckler (worn)
 k - a +0 pair of gloves (worn)
 p - a +2 pair of boots (worn)
 v - the +0 robe "Duguzeodgh" {Int+7}
   (You found it on level 3 of the Dungeon)

   Int:       It affects your intelligence (+7).
Jewellery
 h - a ring of wizardry (left hand)
Scrolls
 e - 2 scrolls of identify {unknown}
 g - 3 scrolls of fog {unknown}
 j - a scroll of teleportation {unknown}
 n - a scroll of torment {unknown}
 q - a scroll of poison {unknown}
Potions
 d - a potion of might
 f - a potion of degeneration {unknown}
 i - 2 potions of brilliance {unknown}
 o - 2 potions of haste {unknown}
 s - 2 potions of mutation {unknown}
 t - a potion of lignification {unknown}


   Skills:
 + Level 4.3 Fighting
 + Level 4.5 Axes
 + Level 4.6 Armour
 + Level 0.1 Dodging
 + Level 4.1 Shields


You had 3 spell levels left.
You didn't know any spells.
Your spell library contained the following spells:

 Spells                   Type           Power      Damage    Failure   Level
 Dazzling Flash           Conj/Hex       0%         N/A       87%         3
 Agony                    Necr           0%         N/A       100%        5
 Silence                  Hex/Air        0%         N/A       100%        5


Dungeon Overview and Level Annotations

Branches:
Dungeon (3/15)

Altars:


Innate Abilities, Weirdness & Mutations

You have a pair of horns on your head.
You reflexively headbutt those who attack you in melee.


Message History

You kill the ball python!
The orc priest invokes the aid of Beogh against you.
Beogh smites you!
Unknown command.
You hit the orc priest.
The orc priest is lightly wounded.
You hit the orc but do no damage.
The orc priest calls upon Beogh to heal the orc priest.
The orc priest's wounds heal themselves!
The orc hits you but does no damage.
Unknown command.
You completely miss the orc priest. You headbutt the orc priest.
The orc priest is moderately wounded.
You hit the orc but do no damage. You closely miss the orc priest.
The orc priest hits you with a +0 club.
The orc priest mumbles some strange prayers to Beogh against you.
Beogh smites you!
* * * LOW HITPOINT WARNING * * *
The orc hits you but does no damage.
You completely miss the orc priest. Your headbutt misses the orc priest.
The orc priest is moderately wounded.
You completely miss the orc. You barely miss the orc priest.
The orc priest calls upon Beogh to heal the orc priest.
The orc priest's wounds heal themselves!
You block the orc priest's attack. You block the orc's attack.
The orc priest hits you but does no damage.
You barely miss the orc priest. You headbutt the orc priest.
The orc priest is moderately wounded.
You closely miss the orc priest. You closely miss the orc.
The orc priest hits you but does no damage.
The orc priest completely misses you. You furiously retaliate!
You headbutt the orc priest, but do no damage.
Unknown command.
You slash the orc priest!
You kill the orc priest!
You hit the orc.
You hit the orc priest but do no damage.
The orc priest invokes the aid of Beogh against you.
Beogh smites you!
You die...

............... .. #.
#............... ... #.
...........).... ....#.
................
....#.##.........)))....
........#..####......###
........##... #......#
...<..oo..# .##......#
......o@#.##..#......###
.....o##...##.#.........
##### #...##.#.........
####.≈....#######...
......≈..............
#####.≈...##.#####.#.
#...≈...##.## #.#.
#.......##..####.#.
#.......###....#.#.


You could see an orc priest, an orc wizard and 2 orcs.

Vanquished Creatures
  An orc priest (D:3)
  An orc wizard (D:3)
  5 adders
  2 worms (D:2)
  3 dart slugs (D:2)
  5 orcs (D:3)
  7 endoplasms
  2 giant cockroaches
  4 goblins
  A hobgoblin (D:2)
  4 ball pythons
  7 bats (D:2)
  3 frilled lizards
  2 kobolds (D:1)
  3 rats
50 creatures vanquished.

Vanquished Creatures (others)
  A fungus (D:3)
  3 plants (D:3)
4 creatures vanquished.

Grand Total: 54 creatures vanquished

Notes
Turn   | Place    | Note
-------+----------+-------------------------------------------
     0 | D:1      | gelatine the Minotaur Fighter began the quest for the Orb.
     0 | D:1      | Reached XP level 1. HP: 19/19 MP: 0/0
   398 | D:1      | Reached XP level 2. HP: 27/27 MP: 1/1
  1010 | D:2      | Reached XP level 3. HP: 33/33 MP: 2/2
  1117 | D:2      | You fall into a shaft and drop 1 floor!
  1487 | D:2      | Reached XP level 4. HP: 40/40 MP: 3/3
  1909 | D:3      | Identified the +0 robe "Duguzeodgh" {Int+7}
  1992 | D:3      | Killed from afar by an orc priest

Illustrated notes

Levels and vault maps discovered:
D:1:      shiori_arrival_maze, layout_loops_corners
D:2:      layout_loops_ring, kennysheep_generic_room_8
D:3:      layout_basic, fedhas_altar_3, mainiacjoe_overflow_boulevard

Skill      XL: |  1  2  3  4 |
---------------+-------------+-----
Fighting       | 4 |  4.3
Armour         | 4 |  4.6
Shields        | 4 |  4.1
Axes           | 3 4 |  4.5
Dodging        | |  0.1

Action                   |  1- 3 |  4- 6 || total
-------------------------+-------+-------++-------
Melee: War axe           |    74 |    31 ||   105
       Headbutt          |     9 |     7 ||    16
Armor: Scale mail        |    41 |    15 ||    56
Dodge: Dodged            |    40 |    14 ||    54
Block: Buckler           |    16 |    10 ||    26
